Map: [G8] Dragon Scales

Players

Reynor - Winner!

  • Race: Zerg Zerg
  • Spawn Location: 11:00

ByuN

  • Race: Terran Terran
  • Spawn Location: 5:00

Event: Gamers8 2023

VOD

Have the link to the VOD?

Description

Time

  • Played on: Aug. 5, 2023, 11:26 a.m.
  • Length: 9:24

All games in this series

Show
View Real Time Build Order
Export as new Build Order

Reynor Zerg - Winner!

Build Orders: Hatch First 

Get SALT Encoding   

  12  0:00  Drone  
  13  0:12  Overlord  
  13  0:17  Drone  
  14  0:30  Drone x2  
  16  0:48  Hatchery  
  15  0:51  Drone  
  15  0:55  Drone  
  17  0:57  Drone  
  18  1:09  Extractor  
  17  1:12  Spawning Pool  
  17  1:16  Drone  
  17  1:19  Drone  
  18  1:27  Drone  
  19  1:38  Drone  
  20  1:49  Drone  
  21  1:59  Queen x2  
  21  2:00  Zergling x4  
  27  2:13  Hatchery  
  26  2:22  Overlord  
  26  2:24  Metabolic Boost  
  26  2:27  Drone  
  27  2:31  Drone  
  28  2:42  Zergling x4  
  30  2:45  Queen  
  30  2:49  Drone  
  30  2:50  Drone  
  34  2:55  Overlord  
  34  2:58  Drone  
  35  3:00  Drone  
  36  3:06  Overlord  
  36  3:12  Overlord  
  36  3:13  Drone  
  36  3:14  Drone  
  36  3:17  Drone  
  36  3:18  Drone  
  40  3:24  Queen  
  43  3:27  Drone  
  43  3:29  Drone  
  43  3:31  Drone  
  45  3:34  Drone  
  45  3:35  Drone  
  45  3:36  Drone  
  48  3:41  Queen  
  48  3:43  Drone  
  48  3:45  Drone  
  48  3:47  Drone  
  53  3:50  Overlord  
  53  3:53  Zergling x2  
  53  3:54  Drone  
  53  3:55  Drone  
  56  3:57  Drone  
  57  4:05  Overlord, Drone  
  57  4:08  Queen  
  57  4:09  Drone x2  
  62  4:14  Overlord  
  62  4:15  Queen  
  64  4:17  Drone  
  64  4:18  Drone  
  64  4:24  Drone  
  67  4:26  Zergling x10  
  71  4:35  Zergling x8  
  71  4:36  Drone  
  71  4:37  Queen  
  78  4:42  Overlord  
  78  4:44  Zergling x6  
  81  4:49  Overlord  
  81  4:52  Overlord  
  81  4:56  Drone  
  81  4:57  Extractor, Overlord  
  81  5:00  Queen  
  81  5:01  Drone x2  
  81  5:03  Zergling x4  
  87  5:11  Zergling x6  
  80  5:16  Queen  
  80  5:18  Evolution Chamber, Drone  
  80  5:19  Evolution Chamber, Drone  
  80  5:20  Drone x2  
  80  5:21  Queen, Drone  
  85  5:22  Drone  
  85  5:23  Drone  
  85  5:25  Drone x2  
  91  5:29  Drone  
  91  5:32  Drone  
  91  5:33  Overlord  
  93  5:38  Baneling Nest  
  93  5:40  Hatchery  
  93  5:42  Zergling x4  
  93  5:44  Zerg Ground Armor Level 1  
  93  5:48  Extractor, Zerg Melee Weapons Level 1  
  93  5:49  Zergling x4  
  94  5:52  Zergling x4  
  94  5:53  Zergling x2  
  97  5:57  Zergling x4  
  97  6:02  Lair  
  97  6:03  Zergling x2  
  100  6:04  Queen  
  100  6:06  Overlord  
  100  6:07  Zergling x2  
  103  6:14  Zergling x8  
  103  6:16  Zergling x2  
  103  6:17  Overlord  
  108  6:18  Zergling x2  
  108  6:19  Queen, Zergling x2  
  108  6:21  Zergling x2  
  108  6:24  Drone  
  114  6:27  Spore Crawler, Baneling x7  
  114  6:28  Drone x2  
  115  6:36  Drone  
  115  6:38  Drone x2  
  115  6:39  Drone  
  118  6:43  Drone x2  
  118  6:44  Hatchery  
  119  6:51  Overlord, Drone  
  119  6:52  Drone  
  119  6:53  Drone x5  
  126  6:54  Spore Crawler  
  126  6:55  Baneling x4  
  126  6:58  Zergling x4  
  127  7:05  Centrifugal Hooks  
  127  7:08  Drone x4  
  131  7:14  Infestation Pit  
  130  7:16  Drone x5  
  130  7:17  Extractor  
  130  7:18  Zergling x4  
  130  7:22  Zergling x6  
  134  7:25  Zergling x4  
  136  7:30  Zergling x10  
  136  7:33  Spore Crawler  
  140  7:38  Zergling x8  
  140  7:40  Overlord x3  
  140  7:42  Baneling x6  
  142  7:47  Drone x2  
  142  7:49  Overlord  
  142  7:50  Extractor  
  143  7:51  Drone  
  143  7:55  Overlord  
  143  7:56  Drone x2  
  143  7:57  Extractor, Drone  
  146  8:00  Overseer, Drone x6  
  146  8:01  Extractor  
  151  8:06  Baneling x6, Drone x2  
  151  8:07  Drone x4  
  151  8:11  Extractor  
  156  8:14  Spore Crawler  
  156  8:16  Zergling x6  
  158  8:21  Zergling x14  
  158  8:23  Zergling x2  
  162  8:28  Zergling x6  
  162  8:30  Zergling x4  
  162  8:32  Queen, Zergling x2  
  169  8:36  Zergling x2  
  169  8:37  Hydralisk Den  
  169  8:39  Zergling x2  
  169  8:41  Zergling x8  
  174  8:44  Zergling x2  
  174  8:48  Zergling x2  
  174  8:50  Baneling x11  
  174  8:51  Zergling x8  
  174  8:53  Zergling x4  
  181  8:56  Zergling x2  
  181  8:57  Overlord x3  
  181  9:06  Zergling x4  
Show
View Real Time Build Order
Export as new Build Order

ByuN Terran 

Build Orders:  

Get SALT Encoding   

  12  0:00  SCV  
  13  0:12  SCV  
  14  0:17  Supply Depot  
  14  0:24  SCV  
  15  0:39  SCV  
  15  0:40  Barracks  
  16  0:43  Refinery  
  16  0:51  SCV  
  17  0:58  Barracks  
  17  1:03  SCV  
  18  1:15  SCV  
  19  1:27  Reaper  
  19  1:28  Orbital Command  
  19  1:31  Supply Depot  
  20  1:45  Reaper  
  21  1:53  SCV  
  22  2:01  Barracks Reactor  
  22  2:05  SCV  
  23  2:12  Command Center  
  23  2:17  SCV  
  24  2:22  Barracks  
  24  2:28  Barracks Tech Lab  
  24  2:29  SCV  
  25  2:34  Supply Depot  
  25  2:38  Marine x2  
  25  2:43  SCV  
  28  2:48  Marine  
  29  2:54  Stimpack  
  29  2:55  SCV  
  30  2:59  Marine x2  
  32  3:07  Marine  
  32  3:11  SCV, Barracks Tech Lab  
  34  3:18  Marine x2  
  36  3:24  SCV  
  36  3:25  Marine, Orbital Command  
  38  3:30  Marine  
  38  3:33  Combat Shield  
  39  3:36  Marine, SCV  
  39  3:37  Marine  
  42  3:42  Marine  
  42  3:45  Supply Depot  
  42  3:48  Marine  
  44  3:50  SCV x2  
  44  3:54  Marine x2  
  48  4:00  Marine  
  50  4:02  SCV  
  50  4:03  SCV, Supply Depot  
  50  4:06  Marine  
  52  4:12  Marine x2  
  52  4:14  SCV  
  52  4:15  SCV  
  56  4:18  Marine  
  56  4:23  Marine  
  58  4:27  SCV  
  61  4:32  Command Center  
  61  4:37  SCV  
  60  4:39  SCV  
  60  4:40  Factory  
  61  4:46  Refinery x2  
  61  4:49  SCV  
  61  4:51  SCV  
  63  4:58  Engineering Bay x2  
  63  5:01  SCV  
  63  5:02  Supply Depot  
  63  5:03  SCV  
  64  5:13  SCV  
  56  5:14  Marine x4  
  56  5:15  SCV  
  61  5:24  Starport, Factory Reactor  
  61  5:25  SCV  
  61  5:27  SCV  
  63  5:28  Terran Infantry Weapons Level 1  
  63  5:34  Barracks  
  63  5:37  Barracks, SCV  
  63  5:39  SCV  
  63  5:41  Refinery  
  63  5:42  Marine x4  
  67  5:46  Terran Infantry Armor Level 1  
  69  5:51  SCV  
  69  5:53  SCV  
  69  5:54  Orbital Command  
  71  6:00  Marine x3  
  71  6:03  SCV  
  75  6:05  SCV  
  76  6:12  Medivac x2  
  76  6:13  Supply Depot  
  76  6:15  SCV, Orbital Command  
  76  6:17  SCV  
  82  6:19  Marine x2, Factory Reactor  
  82  6:20  Marine  
  82  6:23  Barracks Reactor x2  
  82  6:25  Marine  
  86  6:26  Supply Depot  
  86  6:27  SCV  
  87  6:33  SCV  
  87  6:39  SCV  
  89  6:41  SCV  
  89  6:42  Medivac  
  89  6:44  Marine x2  
  89  6:45  SCV, Supply Depot x2  
  95  6:51  SCV  
  95  6:54  SCV  
  97  6:55  Marine x2  
  97  6:57  Widow Mine, SCV  
  97  7:00  Armory  
  102  7:02  Marine x2  
  102  7:05  Marine x4  
  108  7:11  Widow Mine  
  108  7:12  Marine, SCV  
  108  7:13  SCV x2  
  108  7:14  Supply Depot  
  114  7:17  Supply Depot  
  114  7:18  Widow Mine  
  114  7:22  Marine x2  
  112  7:23  Marine x3  
  112  7:27  Medivac x2  
  112  7:29  Marine  
  122  7:30  Marine x2  
  124  7:43  Marine x5  
  125  7:47  Marine x2  
  125  7:49  Barracks  
  125  7:50  Barracks, Supply Depot  
  127  7:52  Barracks  
  127  7:58  SCV x2  
  129  7:59  SCV  
  129  8:01  Marine x2  
  129  8:02  Marine x4  
  129  8:05  Marine x2  
  137  8:06  Medivac  
  137  8:11  Widow Mine  
  142  8:13  Supply Depot  
  142  8:17  Supply Depot  
  141  8:21  Marine x6  
  141  8:23  Marine x2  
  141  8:25  SCV  
  141  8:26  SCV  
  144  8:28  SCV  
  131  8:38  SCV x2  
  131  8:40  SCV  
  124  8:45  Barracks Tech Lab  
  124  8:46  Barracks Tech Lab x2  
  117  8:50  SCV x2  
  117  8:53  SCV  
Tags
 
Add a new tag
Caveats
  • Supply blocks, unpowered buildings, or Contaminate may cause inaccurate times.
  • Supply counts are checked every 10 seconds.